 Dungeon Crawl Stone Soup version 0.27.0-1-g7a08968 (webtiles) character file.

Game seed: 6812430451020342450

2 Illumine the Skirmisher (level 1, -1/14 HPs)
             Began as a Gargoyle Fighter on Aug 29, 2021.
             Slain by a hobgoblin (3 damage)
             ... on level 1 of the Dungeon.
             The game lasted 00:00:31 (124 turns).

Illumine the Skirmisher (Gargoyle Fighter)           Turns: 124, Time: 00:00:32

Health: -1/14      AC:  9    Str: 19    XL:     1   Next: 40%
Magic:  1/1        EV:  5    Int:  8    God:
Gold:   0          SH: 13    Dex:  9    Spells: 0/0 levels left

rFire    . . .     SeeInvis .   e - +0 morningstar
rCold    . . .     Faith    .   a - +0 tower shield
rNeg     + . .     Spirit   .   b - +0 scale mail
rPois    ∞         Reflect  .   (no helmet)
rElec    +         Harm     .   (no cloak)
rCorr    .         Rampage  .   (no gloves)
Will     .....                  (no boots)
Stlth    ..........             (no amulet)
HPRegen  0.04/turn              (no ring)
MPRegen  0.07/turn              (no ring)

@: no status effects
A: sickness immunity, AC +2, negative energy resistance 1, electricity
resistance, torment resistance 1, petrification resistance
a: no special abilities


You were on level 1 of the Dungeon.
You visited 1 branch of the dungeon, and saw 1 of its levels.

Inventory:

Hand Weapons
 e - a +0 morningstar (weapon)
Missiles
 c - 11 stones (quivered)
Armour
 a - a +0 tower shield (worn)
 b - a +0 scale mail (worn)
Potions
 d - a potion of might


   Skills:
 + Level 3.3 Fighting
 * Level 2.1 Maces & Flails
 - Level 3.2 Armour
 + Level 3.3 Shields


You couldn't memorise any spells.
You didn't know any spells.
Your spell library was empty.

Dungeon Overview and Level Annotations

Branches:
Dungeon (1/15)

Altars:


Innate Abilities, Weirdness & Mutations

You are immune to sickness and miasma.
Your stone body is resilient. (AC +2)
You are immune to poison.
You resist negative energy. (rN+)
You are resistant to electric shocks. (rElec)
You are resistant to unholy torment.
You are immune to petrification.


Message History

You kill the endoplasm!
You see here 11 stones.
c - 11 stones HP restored.
A bat comes into view.
You closely miss the bat. You block the bat's attack.
The bat hits you but does no damage.
You miss the bat. You block the bat's attack. x2
The bat hits you but does no damage.
You miss the bat. You block the bat's attack.
You closely miss the bat. The bat hits you but does no damage.
The bat barely misses you. The bat barely misses you.
The bat hits you but does no damage.
You hit the bat but do no damage. You block the bat's attack. x3
You closely miss the bat. The bat hits you but does no damage. x2
You miss the bat. You block the bat's attack. x2
You block the bat's attack. You block the bat's attack.
You puncture the bat!
You kill the bat!
No target in view!
No target in view!
A hobgoblin comes into view.
The hobgoblin shouts!
A hobgoblin is nearby!
A hobgoblin is nearby!
A kobold comes into view. It is wielding a +0 dagger.
The kobold shouts!
The hobgoblin hits you but does no damage.
Your shield prevents you from hitting the hobgoblin.
The hobgoblin hits you.
The hobgoblin hits you but does no damage.
You hit the hobgoblin but do no damage. You block the kobold's attack.
The hobgoblin hits you. The kobold hits you but does no damage.
The hobgoblin hits you.
* * * LOW HITPOINT WARNING * * *
Your shield and scale mail prevent you from hitting the hobgoblin.
The kobold hits you but does no damage. The hobgoblin hits you.
You die...

### #.. #.#
#######g#####.#
#......@K.....#
#.#####.#######
#.###..........
#######...#.#.......#
..........#.#########
.............†......#
......#..†..#######.#
..................#.#
#####.#......####.#.#


You could see a hobgoblin and a kobold.

Vanquished Creatures
  An endoplasm (D:1)
  A bat (D:1)
  A rat (D:1)
3 creatures vanquished.

Notes
Turn   | Place    | Note
-------+----------+-------------------------------------------
     0 | D:1      | Illumine the Gargoyle Fighter began the quest for the Orb.
     0 | D:1      | Reached XP level 1. HP: 14/14 MP: 1/1
   124 | D:1      | Slain by a hobgoblin

Illustrated notes

Levels and vault maps discovered:
D:1:      dpeg_arrival_another_circle, layout_basic, basic_ecumenical_altar,
          chequers_serial_rivers_marsh

Action                   || total
-------------------------++-------
Melee: Morningstar       ||    20
Armor: Scale mail        ||    14
Dodge: Dodged            ||     3
Block: Tower shield      ||    19
